 Dungeon Crawl Stone Soup version 0.30-a0-989-g0d87f670db (webtiles) character file.

Game seed: 2148284752155463106

694 Bnni the Digger (level 7, 0/54 HPs)
             Began as a Formicid Earth Elementalist on Apr 4, 2023.
             Slain by a scorpion (4 damage)
             ... on level 5 of the Dungeon.
             The game lasted 00:06:13 (4622 turns).

Bnni the Digger (Formicid Earth Elementalist)       Turns: 4622, Time: 00:06:14

Health: 0/54       AC:  6    Str: 13    XL:     7   Next: 96%
Magic:  0/11       EV: 11    Int: 16    God:
Gold:   327        SH:  0    Dex: 14    Spells: 2/12 levels left

rFire   . . .      SeeInvis +    t - +2 whip (elec)
rCold   . . .      Faith    .    (no shield)
rNeg    . . .      Spirit   .    r - +0 ring mail
rPois   .          Reflect  .    (helmet unavailable)
rElec   .          Rampage  .    g - +0 cloak
rCorr   .                        (no gloves)
Will    .....                    (no boots)
Stlth   +                        m - amulet of the acrobat
HPRegen 0.29/turn                (no ring)
MPRegen 0.12/turn                (no ring)

@: lethally poisoned (0 -> -9)
A: permanent stasis, dig shafts and tunnels, antennae 3, four strong arms
a: Dig, Shaft Self


You were on level 5 of the Dungeon.
You visited 2 branches of the dungeon, and saw 6 of its levels.

You collected 327 gold pieces.

Inventory:

Hand Weapons
 t - a +2 whip of electrocution (weapon)
Missiles
 e - 5 poisoned darts
Armour
 a - a +0 robe
 g - a +0 cloak (worn)
 r - a +0 ring mail (worn)
Jewellery
 m - an amulet of the acrobat (around neck)
Wands
 u - a wand of digging (3)
 v - a wand of light (7)
 E - a wand of flame (30)
Scrolls
 c - 2 scrolls of immolation
 d - 2 scrolls of teleportation {unknown}
 f - 4 scrolls of poison {unknown}
 i - a scroll of fog {unknown}
 k - 2 scrolls of blinking {unknown}
 l - 3 scrolls of vulnerability {unknown}
 n - a scroll of torment {unknown}
 o - a scroll of noise {unknown}
 s - a scroll of identify
 w - a scroll of amnesia {unknown}
 x - a scroll of silence {unknown}
 y - a scroll of magic mapping {unknown}
 z - a scroll of acquirement {unknown}
 C - a scroll of fear {unknown}
Potions
 b - a potion of magic
 h - a potion of invisibility
 j - 2 potions of brilliance
 p - a potion of curing
 q - 2 potions of mutation
 A - a potion of cancellation
 B - a potion of might {unknown}
 D - a potion of haste {unknown}


   Skills:
 + Level 4.0 Fighting
 + Level 3.1 Armour
 - Level 1.7 Dodging
 - Level 2.4 Stealth
 - Level 3.0 Spellcasting
 - Level 3.0 Transmutations
 * Level 7.4 Earth Magic


You had 2 spell levels left.
You knew the following spells:

 Your Spells              Type           Power      Damage    Failure   Level
a - Sandblast             Erth           52%        2d12      1%          1
b - Passwall              Tmut/Erth      15%        N/A       7%          2
c - Stone Arrow           Conj/Erth      28%        3d8       26%         3
d - Petrify               Tmut/Erth      19%        N/A       41%         4

Your spell library contained the following spells:

 Spells                   Type           Power      Damage    Failure   Level
 Lesser Beckoning         Tloc           4%         N/A       50%         2
 Gell's Gravitas          Tloc           2%         N/A       75%         3
 Inner Flame              Hex/Fire       2%         N/A       75%         3
 Teleport Other           Tloc           2%         N/A       75%         3
 Flame Wave               Conj/Fire      2%         2d4       98%         4
 Sticky Flame             Conj/Fire      2%         2d3       98%         4


Dungeon Overview and Level Annotations

Branches:
Dungeon (5/15)             Temple (1/1) D:5

Altars:
Elyvilon
Fedhas
Hepliaklqana
Makhleb
Nemelex Xobeh
Okawaru
Sif Muna
Trog
Vehumet
Wu Jian
The Shining One

Shops:
D:5 (


Innate Abilities, Weirdness & Mutations

You cannot be hasted, slowed, berserked, paralysed or teleported.
You can dig through walls and to a lower floor.
You have a pair of large antennae on your head. (SInv)
Your four strong arms can wield two-handed weapons with a shield.


Message History

The blast of sand misses the scorpion.
You feel extremely sick. The scorpion stings you.
The scorpion barely misses you.
Casting: Sandblast (safe; 1% risk of failure)
Confirm with . or Enter, or press ? or * to list all spells.
Aiming: Stone Arrow (dangerous; 26% risk of failure)
Press: ? - help, Shift-Dir - straight line, f/p - scorpion
Aim: a scorpion (heavily wounded, 68% to hit)
The stone arrow misses the scorpion.
* * * LOW HITPOINT WARNING * * *
You feel very sick. The scorpion stings you.
* * * LOW HITPOINT WARNING * * *
Casting: Stone Arrow (dangerous; 26% risk of failure)
Confirm with . or Enter, or press ? or * to list all spells.
Aiming: Stone Arrow (dangerous; 26% risk of failure)
Press: ? - help, Shift-Dir - straight line, f/p - scorpion
Aim: a scorpion (heavily wounded, 68% to hit)
The stone arrow hits the scorpion.
The scorpion is severely wounded.
* * * LOW HITPOINT WARNING * * *
You feel very sick.
The scorpion stings you but does no damage.
The scorpion stings you.
* * * LOW HITPOINT WARNING * * *
You feel better.
The scorpion stings you but does no damage.
You hit the scorpion.
You punch the scorpion, but do no damage.
The scorpion is almost dead.
The scorpion stings you.
* * * LOW HITPOINT WARNING * * *
You are lethally poisoned!
The scorpion poisons you!
You closely miss the scorpion. Your punch misses the scorpion.
The scorpion is almost dead.
* * * LOW HITPOINT WARNING * * *
You feel very sick. The scorpion stings you.
You die...

......###.........####....##
........'.........'........#
##....###.........####...#.#
##.#.# ##.......## ##.##>#
###.#.# ##.....## ####.#
......# ##...## #.# ###.###
##.############.#
###.#########.###.......##.#
.(......##......@s# #.##.#
###.###.##........# #.##.# #
#.# #.##........#####.##.# #
#.###.##.................# #
#...............#####.#### #
#####.##........# #.#
#######.##........#####.#
........#####.###.......#
######### #.# #########


You could see a scorpion.

Vanquished Creatures
  An ogre (D:5)
  2 scorpions
  A crimson imp (D:4)
  3 hounds
  4 jellies
  An orc priest (D:3)
  An orc wizard (D:3)
  6 adders
  A shadow imp (D:5)
  A white imp (D:4)
  2 ufetubi
  5 worms
  2 dart slugs
  16 orcs
  6 ball pythons
  8 endoplasms
  3 giant cockroaches
  6 goblins
  4 hobgoblins
  6 jackals
  6 kobolds
  2 quokkas (D:2)
  3 frilled lizards
  6 rats
96 creatures vanquished.

Notes
Turn   | Place    | Note
-------+----------+-------------------------------------------
     0 | D:1      | Bnni the Formicid Earth Elementalist began the quest for
                  | the Orb.
     0 | D:1      | Reached XP level 1. HP: 13/13 MP: 3/3
   214 | D:1      | Reached XP level 2. HP: 14/20 MP: 1/5
   317 | D:1      | Reached skill level 4 in Earth Magic
   931 | D:1      | Reached skill level 1 in Fighting
   934 | D:1      | Reached XP level 3. HP: 26/26 MP: 1/6
  1286 | D:2      | Learned a level 2 spell: Passwall
  1307 | D:2      | Learned a level 3 spell: Stone Arrow
  1511 | D:2      | Reached XP level 4. HP: 32/32 MP: 5/7
  2020 | D:3      | Reached XP level 5. HP: 38/38 MP: 6/9
  2023 | D:3      | Reached skill level 5 in Earth Magic
  2576 | D:3      | Found a faded altar of an unknown god.
  2829 | D:4      | Reached XP level 6. HP: 46/46 MP: 5/10
  2931 | D:4      | Reached skill level 1 in Armour
  3107 | D:4      | Reached skill level 6 in Earth Magic
  3367 | D:4      | Found a glowing golden altar of the Shining One.
  3373 | D:4      | Learned a level 4 spell: Petrify
  3558 | D:5      | Entered Level 5 of the Dungeon
  3593 | D:5      | Reached XP level 7. HP: 52/52 MP: 7/11
  3790 | D:5      | Found a blossoming altar of Fedhas.
  3874 | D:5      | Found Nochysch's Antique Weapon Shop.
  4043 | D:5      | Found a staircase to the Ecumenical Temple.
  4093 | Temple   | Entered the Ecumenical Temple
  4348 | D:5      | Reached skill level 7 in Earth Magic
  4622 | D:5      | Slain by a scorpion

Illustrated notes

Levels and vault maps discovered:
D:1:      sevenhm_arrival_forest_fort_small_3, layout_basic, serial_glass,
          glass_columns_b, glass_columns_a
D:2:      layout_rooms, kennysheep_generic_room_10
D:3:      layout_loops_cross, shapermc_ecumenical_altar_pompeii
D:4:      layout_cave_pools, tso_metal_star, minmay_fire_ice_demons
D:5:      layout_loops_corners, mainiacjoe_overflow_concentric_impassable,
          slow_altar_2, minmay_temple_entry_hall, serial_shops,
          nicolae_shop_behind_doors
Temple:   nicolae_temple_figure_zero

Skill      XL: |  1  2  3  4  5  6  7 |
---------------+----------------------+-----
Earth Magic    | 4 5 6 7 |  7.4
Fighting       | 1 2 3 4 |  4.0
Transmutations | 2 3 |  3.0
Spellcasting   | 3 |  3.0
Armour         | 2 3 |  3.1
Dodging        | |  1.7
Stealth        | |  2.4

Action                     |  1- 3 |  4- 6 |  7- 9 || total
---------------------------+-------+-------+-------++-------
  Melee: Unarmed           |     8 |       |       ||     8
         Hand axe          |       |     7 |       ||     7
         Whip              |       |     1 |     2 ||     3
         Punch             |       |       |     1 ||     1
   Cast: Sandblast         |    34 |    87 |    42 ||   163
         Stone Arrow       |       |       |     2 ||     2
    Use: Scroll            |       |     6 |       ||     6
         Potion            |       |       |     1 ||     1
 Armour: Robe              |     4 |     3 |       ||     7
         Ring mail         |       |    18 |    10 ||    28
  Dodge: Dodged            |    11 |    36 |    15 ||    62

Table legend: (Time is in decaauts)
 A = Elapsed time spent in this place.
 B = Non-inter-level travel time spent in this place.
 C = Inter-level travel time spent in this place.
 D = Time resting spent in this place.
 E = Time spent auto-exploring this place.
 F = Levels seen in this place.
 G = Mean time per level.
                   A        B        C        D        E       F      G
               +--------+--------+--------+--------+--------+-----+--------+
         Total |   4703 |   4605 |     98 |    108 |   3800 |   6 |  783.8 |
       Dungeon |   4579 |   4490 |     89 |    108 |   3688 |   5 |  915.8 |
        Temple |    123 |    114 |      9 |      0 |    112 |   1 |  123.0 |
               +--------+--------+--------+--------+--------+-----+--------+

Top non-repeatable levels by time:
     D:1: 1178 daAuts
     D:3: 991 daAuts
     D:5: 962 daAuts
     D:4: 764 daAuts
     D:2: 682 daAuts
  Temple: 123 daAuts
